 Dungeon Crawl Stone Soup version 0.23.2-33-g5129a83184 (webtiles) character file.

Game seed: 9246468277625152316

329 MalarOregon the Ruffian (level 6, -1/48 (51) HPs)
             Began as a Ghoul Warper on July 12, 2019.
             Slain by a phantom (2 damage)
             ... in the Ecumenical Temple.
             The game lasted 00:08:38 (4629 turns).

MalarOregon the Ruffian (Ghoul Warper)              Turns: 4629, Time: 00:08:38

HP:   -1/48 (51)    AC: 15    Str: 15    XL:     6   Next: 51%
MP:   9/9           EV:  0    Int:  9    God:
Gold: 139           SH: 11    Dex:  9    Spells: 10/10 levels left

rFire    . . .     SeeInvis .     - Unarmed
rCold    + . .     Gourm    .   g - +0 large shield
rNeg     + + +     Faith    +   h - +1 plate armour
rPois    ∞         Spirit   .   (no helmet)
rElec    .         Reflect  .   (no cloak)
rCorr    +         Harm     .   (no gloves)
MR       .....                  (no boots)
Stlth    ..........             q - amulet of faith {!P}
HPRegen  0.00/turn              t - +3 ring of protection
MPRegen  0.11/turn              n - ring of resist corrosion

@: rotting
A: rotting body, claws 1, carnivore, cold resistance 1, negative energy
resistance 3, inhibited regeneration, torment resistance, unbreathing
a: no special abilities


You were in the Ecumenical Temple.
You were hungry.

You visited 2 branches of the dungeon, and saw 6 of its levels.

You collected 139 gold pieces.

Inventory:

Missiles
 a - 19 poisoned needles
 d - 5 tomahawks of dispersal {!f}
 k - 20 stones (quivered)
Armour
 g - a +0 large shield (worn)
   (You found it on level 2 of the Dungeon)
 h - a +1 plate armour (worn)
   (You found it on level 1 of the Dungeon)
Magical Staves
 f - an uncursed staff of air
   (You found it on level 4 of the Dungeon)
Jewellery
 n - a ring of resist corrosion (right claw)
   (You found it on level 1 of the Dungeon)
 p - an uncursed ring of wizardry
   (You found it on level 2 of the Dungeon)
 q - an amulet of faith (around neck) {!P}
   (You found it on level 4 of the Dungeon)
 t - a +3 ring of protection (left claw)
   (You found it on level 3 of the Dungeon)
 z - an uncursed ring of see invisible
   (You found it on level 1 of the Dungeon)
Scrolls
 b - 2 scrolls of teleportation {@r4}
 c - 2 scrolls of identify {@r1}
 i - a scroll of enchant armour
 j - a scroll of noise {!r}
 l - a scroll of fear
 m - a scroll of magic mapping
 o - 2 scrolls of remove curse {@r2}
Potions
 s - a potion of brilliance
 u - a potion of curing {unknown}
Comestibles
 e - 5 rations {!d}


   Skills:
 + Level 3.4 Fighting
 + Level 2.3 Throwing
 + Level 2.2 Armour
 + Level 2.7 Dodging
 + Level 1.1 Shields
 + Level 3.5 Unarmed Combat
 + Level 2.7 Spellcasting
   Level 2.6 Translocations


You had 10 spell levels left.
You didn't know any spells.
Your spell library contained the following spells:

 Spells                   Type           Power        Failure   Level  Hunger
 Blink                    Tloc           N/A          100%        2    ###....
 Shroud of Golubria       Chrm/Tloc      #.........   100%        2    ###....
 Gell's Gravitas          Tloc           #.........   100%        3    ####...
 Lesser Beckoning         Tloc           #.........   100%        3    ####...
 Teleport Other           Tloc           #.......     100%        3    ####...
 Passage of Golubria      Tloc           N/A          100%        4    #####..


Dungeon Overview and Level Annotations

Branches:
Dungeon (5/15)             Temple (1/1) D:4

Altars:
Cheibriados
Kikubaaqudgha
Qazlal
Sif Muna
Uskayaw

Annotations:
D:3 1 runed translucent door, Crazy Yiuf


Innate Abilities, Weirdness & Mutations

Your body is rotting away.
You thrive on raw meat.
You are immune to poison.
You have sharp fingernails.
You are carnivorous and can eat meat at any time.
Your flesh is cold resistant. (rC+)
You are immune to negative energy. (rN+++)
You do not regenerate when monsters are visible.
You are immune to unholy pain and torment.
You can survive without breathing.


Message History

The phantom blinks!
You closely miss the phantom. The phantom hits you.
* * * LOW HITPOINT WARNING * * *
You scratch the phantom but do no damage.
The phantom hits you but does no damage.
You miss the phantom.
The phantom hits you but does no damage.
You block the phantom's attack.
You closely miss the phantom.
The phantom hits you but does no damage.
You scratch the phantom. You block the phantom's attack.
You scratch the phantom. You block the phantom's attack.
You closely miss the phantom.
The phantom hits you but does no damage.
Your shield and plate armour prevent you from hitting the phantom.
The phantom hits you but does no damage.
You barely miss the phantom.
The phantom blinks!
The phantom blinks!
There is a staircase back to the Dungeon here.
A phantom is nearby!
The phantom hits you but does no damage.
You scratch the phantom but do no damage.
You block the phantom's attack.
You scratch the phantom but do no damage.
The phantom hits you but does no damage.
You scratch the phantom. You block the phantom's attack.
You scratch the phantom but do no damage.
The phantom hits you.
* * * LOW HITPOINT WARNING * * *
Your shield and plate armour prevent you from hitting the phantom.
The phantom blinks!
The phantom hits you but does no damage.
You are feeling hungry.
You scratch the phantom. You block the phantom's attack.
You closely miss the phantom. The phantom hits you.
* * * LOW HITPOINT WARNING * * *
You barely miss the phantom.
The phantom hits you but does no damage.
You completely miss the phantom.
The phantom hits you but does no damage.
You closely miss the phantom. You block the phantom's attack.
The phantom hits you but does no damage.
You miss the phantom.
Your plate armour prevents you from hitting the phantom.
The phantom blinks!
You scratch the phantom.
The phantom blinks! x2
The phantom blinks!
You scratch the phantom but do no damage.
The phantom hits you.
You die...

#########
###.......###
##...⌠...⌠...##
#.............#
###......W....###.
........<@........
##...........###.
#.....§.......#
##...⌠...⌠...##
###.......###
#########


You could see a phantom.

Vanquished Creatures
  An orc wizard (D:5)
  A jelly (D:2)
  2 bullfrog skeletons (D:4)
  Jessica (D:2)
  A worker ant (D:4)
  6 adders
  A shadow imp (D:5)
  4 oozes
  A worm (D:2)
  4 dart slugs
  A leopard gecko (D:3)
  3 orcs
  6 giant cockroaches
  8 goblins
  3 hobgoblins
  6 jackals (D:3)
  7 kobolds
  2 quokkas (D:4)
  8 bats
  2 frilled lizards
  2 leopard gecko skeletons (D:4)
  5 rats
75 creatures vanquished.

Notes
Turn   | Place    | Note
-------+----------+-------------------------------------------
     0 | D:1      | MalarOregon the Ghoul Warper began the quest for the Orb.
     0 | D:1      | Reached XP level 1. HP: 17/17 MP: 2/2
    19 | D:1      | Reached skill level 1 in Throwing
    19 | D:1      | Reached skill level 1 in Armour
    34 | D:1      | Reached XP level 2. HP: 21/25 MP: 3/3
   671 | D:1      | Reached XP level 3. HP: 22/30 MP: 5/5
  1387 | D:2      | Noticed Jessica
  1399 | D:2      | Killed Jessica
  1399 | D:2      | Reached XP level 4. HP: 36/36 MP: 6/6
  1570 | D:2      | Reached XP level 5. HP: 32/44 MP: 7/7
  1978 | D:3      | Found an ancient bone altar of Kikubaaqudgha.
  2076 | D:3      | Found a stormy altar of Qazlal.
  2198 | D:3      | Found a runed translucent door.
  2199 | D:3      | Noticed Crazy Yiuf
  2295 | D:3      | Found a hide-covered altar of Uskayaw.
  2801 | D:4      | Noticed a phantom
  3176 | D:4      | HP: 1/44 [phantom (5)]
  3655 | D:4      | Found a deep blue altar of Sif Muna.
  3710 | D:4      | Reached XP level 6. HP: 45/50 MP: 8/8
  3766 | D:4      | Found a snail-covered altar of Cheibriados.
  3803 | D:4      | Noticed an orc warrior
  3823 | D:5      | Entered Level 5 of the Dungeon
  3826 | D:5      | Reached skill level 1 in Shields
  4533 | D:4      | Found a staircase to the Ecumenical Temple.
  4568 | Temple   | Entered the Ecumenical Temple
  4619 | Temple   | HP: 1/48 [phantom (4)]
  4629 | Temple   | Slain by a phantom

Skill      XL: |  1  2  3  4  5  6 |
---------------+-------------------+-----
Throwing       | 1 2 |  2.3
Armour         | 1 2 |  2.2
Spellcasting   | 2 |  2.7
Dodging        | 2 |  2.7
Fighting       | 3 |  3.4
Unarmed Combat | 3 |  3.5
Shields        | 1 |  1.1
Translocations | |  2.6

Action                   |  1- 3 |  4- 6 || total
-------------------------+-------+-------++-------
Melee: Unarmed           |   105 |   448 ||   553
  Use: Scroll            |     2 |    10 ||    12
       Potion            |     2 |     2 ||     4
  Eat: Chunk             |     5 |     8 ||    13
       Ration            |     1 |       ||     1
Armor: Leather armour    |    30 |       ||    30
       Plate armour      |     5 |   265 ||   270
Dodge: Dodged            |    67 |    18 ||    85
Block: Large shield      |       |   196 ||   196
